 Dungeon Crawl Stone Soup version 0.17.0-24-gcfadda4 (webtiles) character file.

1017 Ivanskos the Shield-Bearer (level 8, 0/64 HPs)
             Began as a Formicid Fighter on Nov 18, 2015.
             Was an Initiate of Okawaru.
             Slain by Menkaure (16 damage)
             ... on level 5 of the Dungeon.
             The game lasted 00:36:24 (4729 turns).

Ivanskos the Shield-Bearer (Formicid Fighter)       Turns: 4729, Time: 00:36:24

Health: 0/64       AC:  7    Str: 28    XL:     8   Next: 45%
Magic:  8/8        EV:  9    Int:  8    God:    Okawaru [......]
Gold:   227        SH: 12    Dex: 10    Spells: 0 memorised, 7 levels left

rFire  . . .     SeeInvis +     a - +1 war axe
rCold  + . .     Clarity  .     b - +0 scale mail
rNeg   . . .     SustAt   +     c - +1 shield
rPois  .         Gourm    .     (helmet unavailable)
rElec  .         Spirit   .     (no cloak)
rCorr  .         Warding  .     (no gloves)
rMut   .         Stasis   +     (no boots)
MR     .....                    (no amulet)
Stlth  ..........               u - ring of protection from cold
                                o - ring of sustain attributes

@: mighty, not resistant to hostile enchantments, extremely unstealthy
A: permanent stasis, dig shafts and tunnels, four strong arms, antennae 3
a: Dig, Shaft Self, Renounce Religion


You were on level 5 of the Dungeon.
You worshipped Okawaru.
Okawaru was noncommittal.
You were hungry.

You visited 2 branches of the dungeon, and saw 6 of its levels.

You collected 227 gold pieces.

Inventory:

Hand Weapons
 a - a +1 war axe (weapon)
Armour
 b - a +0 scale mail (worn)
 c - a +1 shield (worn)
Jewellery
 l - an uncursed amulet of resist mutation
 o - a ring of sustain attributes (left hand)
 u - a ring of protection from cold (right hand)
Scrolls
 i - a scroll of recharging
 n - a scroll of enchant armour
Potions
 g - 3 potions of brilliance
Books
 f - a book of Party Tricks

   Spells                             Type                      Level
   a - Summon Butterflies             Summoning                    1
   b - Apportation                    Translocation                1
   c - Tukima's Dance                 Hexes                        3
   d - Alistair's Intoxication        Transmutation/Poison         4
   e - Invisibility                   Hexes                        6
Comestibles
 e - 6 bread rations
 k - 2 meat rations


   Skills:
 + Level 5.9 Fighting
 + Level 5.0 Axes
 + Level 6.0 Armour
 + Level 6.7 Shields


You had 7 spell levels left.
You didn't know any spells.

Dungeon Overview and Level Annotations

Branches:
Dungeon (5/15)             Temple (1/1) D:4

Altars:
Ashenzari
Dithmenos
Elyvilon
Fedhas
Nemelex Xobeh
Okawaru
Qazlal
Ru
Sif Muna
Trog
Xom
Yredelemnul
Zin
Lugonu

Shops:
D:5 %

Annotations:
D:5 Menkaure


Innate Abilities, Weirdness & Mutations

You are under a permanent stasis effect.
You can dig through walls and to a lower floor.
Your four strong arms can wield two-handed weapons with a shield.
You have a pair of large antennae on your head (SInv).


Message History

Menkaure giggles, "These cerements are ticklish..."
You hit Menkaure.
Menkaure is moderately damaged.
Menkaure hits you!
You barely miss Menkaure.
Menkaure is moderately damaged.
Menkaure hits you!!
You slash Menkaure!
Menkaure is heavily damaged.
Menkaure calls on the powers of darkness!
Your body is wracked with pain!
* * * LOW HITPOINT WARNING * * *
You feel very mighty all of a sudden.
Menkaure mumbles some strange words.
Menkaure seems to speed up.
You block Menkaure's attack.
You slash Menkaure!
Menkaure is almost destroyed.
Menkaure hits you!
You die...

# #......# #.....#
#.#'##### #.....#
#.#...... #.....#
#.####### .....#
#........ ....#
#####....... ...
#.'_'.......
#M#####.###.......
#@##.....#........
#.#.##.#.#.##.......
#.#.##.#.#..<....###
..###.#'##.#########.#
.........#.........#.#
######...########.##.#
....⌠.⌠.# #.# .#
###.._..########.# .###
....⌠.⌠†'........##...#


You could see Menkaure.

Vanquished Creatures
  A phantom (D:4)
  A centaur (D:4)
  4 ogres
  A giant frog (D:4)
  A scorpion (D:4)
  Jessica (D:3)
  An iguana (D:4)
  3 orc wizards (D:4)
  2 worker ants (D:4)
  4 gnolls (D:3)
  8 adders
  2 oozes
  4 worms
  8 giant geckos
  2 orcs
  5 bats
  6 giant cockroaches
  6 goblins
  8 hobgoblins
  6 kobolds
  A ball python (D:4)
  4 giant newts
  2 quokkas
  7 rats
88 creatures vanquished.

Vanquished Creatures (others)
  A bush (D:4)
1 creature vanquished.

Grand Total: 89 creatures vanquished

Notes
Turn   | Place    | Note
--------------------------------------------------------------
     0 | D:1      | Ivanskos the Formicid Fighter began the quest for the Orb.
     0 | D:1      | Reached XP level 1. HP: 18/18 MP: 1/1
   153 | D:1      | Reached XP level 2. HP: 17/24 MP: 2/2
   550 | D:1      | Reached XP level 3. HP: 25/29 MP: 3/3
  1328 | D:2      | Reached skill level 4 in Shields
  1442 | D:2      | Reached XP level 4. HP: 34/37 MP: 4/4
  1718 | D:3      | Noticed Jessica
  1731 | D:3      | Killed Jessica
  1768 | D:3      | Found a basalt altar of Yredelemnul.
  1834 | D:3      | Reached XP level 5. HP: 42/42 MP: 5/5
  1971 | D:3      | Found a glowing drain.
  2239 | D:3      | Reached XP level 6. HP: 42/48 MP: 6/6
  2247 | D:3      | Reached skill level 5 in Shields
  2787 | D:4      | Reached skill level 5 in Armour
  2787 | D:4      | Reached XP level 7. HP: 37/55 MP: 7/7
  3374 | D:4      | Reached skill level 5 in Fighting
  3388 | D:4      | HP: 2/56 [ogre/giant spiked club (26)]
  3407 | D:3      | Reached skill level 6 in Shields
  3732 | D:4      | Reached XP level 8. HP: 59/63 MP: 8/8
  3818 | D:4      | Found a blossoming altar of Fedhas.
  4195 | D:4      | Found a bloodstained altar of Trog.
  4376 | D:4      | Found a staircase to the Ecumenical Temple.
  4385 | Temple   | Entered the Ecumenical Temple
  4471 | Temple   | Became a worshipper of Warmaster Okawaru
  4519 | D:4      | Reached skill level 5 in Axes
  4553 | D:5      | Entered Level 5 of the Dungeon
  4553 | D:5      | Found Wuyw's Food Emporium.
  4636 | D:5      | Found a shadowy altar of Dithmenos.
  4671 | D:5      | Found a sparkling altar of Nemelex Xobeh.
  4717 | D:5      | Noticed Menkaure
  4729 | D:5      | Slain by Menkaure

Action                   |  1- 3 |  4- 6 |  7- 9 || total
-------------------------+-------+-------+-------++-------
Melee: War axe           |    89 |   111 |   103 ||   303
 Abil: Dig               |     3 |     3 |       ||     6
  Use: Scroll            |       |     8 |     3 ||    11
       Potion            |       |       |     9 ||     9
  Eat: Meat ration       |     1 |       |     1 ||     2
       Royal jelly       |       |     1 |       ||     1
       Beef jerky        |       |       |     1 ||     1
